SA
SYRACUSE STORM @ YORK REVOLUTION
09/12/2022
 
TOP OF THE 1ST
Syracuse Storm batting - Pitching for York Revolution : RHP Luis Hernández
Pitching: RHP Luis Hernández
Batting: RHB Sung-min Pae 0-0: Ball
1-0: Swinging Strike
1-1: Foul Ball, location: 2F
1-2: Ball
2-2: Fly out, F8 (Flyball, 8LM)
Batting: RHB Jim Unknown 0-0: Foul Ball, location: 2F
0-1: Foul Ball, location: 2F
0-2: Strikes out swinging
Batting: RHB Rafael Delgado 0-0: Ground out 5-3 (Groundball, 5)
Top of the 1st over - 0 run(s), 0 hit(s), 0 error(s), 0 left on base; Syracuse 0 - York 0
BOTTOM OF THE 1ST
York Revolution batting - Pitching for Syracuse Storm : RHP Dave Turner
Pitching: RHP Dave Turner
Batting: RHB Sergio Ortíz 0-0: Ball
1-0: Called Strike
1-1: Called Strike
1-2: SINGLE (Line Drive, 78S)
Batting: RHB Parker Smith 0-0: Foul Ball, location: 2F
0-1: Fielders Choice at 2nd, 1-4 (Groundball, 23)
Batting: LHB Natale Langushi 0-0: Called Strike
0-1: Ball
1-1: Ball
2-1: SINGLE (Groundball, 56D)
Parker Smith to second
Batting: SHB Bradley Rowe 0-0: Ball
1-0: SINGLE (Line Drive, 8LS)
Parker Smith to third
Natale Langushi to second
Runner from 3rd tries for Home, throw and OUT!
Batting: RHB Roberto Ruíz 0-0: Called Strike
0-1: Foul Ball, location: 2F
0-2: Ball
1-2: Ball
2-2: Strikes out swinging
Bottom of the 1st over - 0 run(s), 3 hit(s), 0 error(s), 2 left on base; Syracuse 0 - York 0
TOP OF THE 2ND
Syracuse Storm batting - Pitching for York Revolution : RHP Luis Hernández
Batting: RHB Jim Unknown 0-0: Ball
1-0: Called Strike
1-1: Called Strike
1-2: Ball
2-2: Foul Ball, location: 2F
2-2: Foul Ball, location: 2F
2-2: Foul Ball, location: 2F
2-2: SINGLE (Line Drive, 7S)
Batting: LHB Carlos Garza 0-0: Ball
1-0: Ball
2-0: 2-RUN HOME RUN (Flyball, 7D), Distance : 385 ft
Batting: RHB Noah Smith 0-0: Ball
1-0: Ball
2-0: Called Strike
2-1: Ball
3-1: Called Strike
3-2: Base on Balls
Batting: SHB John Clayton 0-0: Called Strike
0-1: Ball
1-1: Ball
2-1: Called Strike
2-2: Foul Ball, location: 2F
2-2: Strikes out swinging
Batting: SHB Jeff Cornelis 0-0: Ball
1-0: Grounds into double play, 4-6-3 (Groundball, 4)
Top of the 2nd over - 2 run(s), 2 hit(s), 0 error(s), 0 left on base; Syracuse 2 - York 0
BOTTOM OF THE 2ND
York Revolution batting - Pitching for Syracuse Storm : RHP Dave Turner
Batting: LHB Marcos Deleón 0-0: Ball
1-0: Called Strike
1-1: Ball
2-1: Foul Ball, location: 2F
2-2: Foul Ball, location: 2F
2-2: Ground out 4-3 (Groundball, 4M)
Batting: RHB Jerrel Woestenberg 0-0: Called Strike
0-1: Ball
1-1: Called Strike
1-2: Foul Ball, location: 2F
1-2: Foul Ball, location: 2F
1-2: Strikes out swinging
Batting: LHB Michael Nelson 0-0: Ball
1-0: Called Strike
1-1: Called Strike
1-2: Ball
2-2: Ball
3-2: Strikes out looking
Bottom of the 2nd over - 0 run(s), 0 hit(s), 0 error(s), 0 left on base; Syracuse 2 - York 0
TOP OF THE 3RD
Syracuse Storm batting - Pitching for York Revolution : RHP Luis Hernández
Batting: RHB Jim Unknown 0-0: Ball
1-0: Foul Ball, location: 2F
1-1: Ball
2-1: Foul Ball, location: 2F
2-2: Ball
3-2: Strikes out swinging
Batting: RHB Sung-min Pae 0-0: Fly out, F8 (Flyball, 8LM)
Batting: RHB Jim Unknown 0-0: Called Strike
0-1: Foul Ball, location: 2F
0-2: Ball
1-2: Ball
2-2: Ball
3-2: Base on Balls
Batting: RHB Rafael Delgado 0-0: Swinging Strike
0-1: Foul Ball, location: 2F
0-2: Strikes out swinging
Top of the 3rd over - 0 run(s), 0 hit(s), 0 error(s), 1 left on base; Syracuse 2 - York 0
BOTTOM OF THE 3RD
York Revolution batting - Pitching for Syracuse Storm : RHP Dave Turner
Batting: SHB Noel King 0-0: Called Strike
0-1: Ball
1-1: Foul Ball, location: 2F
1-2: SINGLE (Groundball, 6MD)
Batting: RHB Sergio Ortíz 0-0: Ball
1-0: Called Strike
1-1: Ball
2-1: Ball
3-1: Base on Balls
Noel King to second
Batting: RHB Parker Smith 0-0: Ball
1-0: Called Strike
1-1: Foul Ball, location: 2F
1-2: Hit by Pitch
Noel King to third
Sergio Ortíz to second
Batting: LHB Natale Langushi 0-0: Ball
1-0: SINGLE (Line Drive, 78S)
Noel King scores
Sergio Ortíz to third
Parker Smith to second
Batting: SHB Bradley Rowe 0-0: Swinging Strike
0-1: Swinging Strike
0-2: Foul Ball, location: 2F
0-2: Ball
1-2: Ball
2-2: Foul Ball, location: 2F
2-2: Grounds into double play, U4-3 (Groundball, 4)
Sergio Ortíz scores
Parker Smith to third
Batting: RHB Roberto Ruíz 0-0: Swinging Strike
0-1: Called Strike
0-2: Ball
1-2: Ball
2-2: Ball
3-2: Strikes out swinging
Bottom of the 3rd over - 2 run(s), 2 hit(s), 0 error(s), 1 left on base; Syracuse 2 - York 2
TOP OF THE 4TH
Syracuse Storm batting - Pitching for York Revolution : RHP Luis Hernández
Batting: RHB Jim Unknown 0-0: Called Strike
0-1: Ball
1-1: Ground out 5-3 (Groundball, 15S)
Batting: LHB Carlos Garza 0-0: Ball
1-0: Ground out 4-3 (Groundball, 4)
Batting: RHB Noah Smith 0-0: Called Strike
0-1: Ball
1-1: Ball
2-1: SINGLE (Line Drive, 6MD)
Batting: SHB John Clayton 0-0: Ball
1-0: Ball
2-0: Called Strike
2-1: Ball
Noah Smith steals 2nd base
3-1: Foul Ball, location: 2F
3-2: Base on Balls
Batting: SHB Jeff Cornelis 0-0: Called Strike
0-1: Swinging Strike
0-2: Strikes out swinging
Top of the 4th over - 0 run(s), 1 hit(s), 0 error(s), 2 left on base; Syracuse 2 - York 2
BOTTOM OF THE 4TH
York Revolution batting - Pitching for Syracuse Storm : RHP Dave Turner
Batting: LHB Marcos Deleón 0-0: Ball
1-0: Called Strike
1-1: Ball
2-1: Ball
3-1: Called Strike
3-2: Foul Ball, location: 2F
3-2: Strikes out swinging
Batting: RHB Jerrel Woestenberg 0-0: Ground out 5-3 (Groundball, 56S)
Batting: LHB Michael Nelson 0-0: Ground out 1-3 (Groundball, 23)
Bottom of the 4th over - 0 run(s), 0 hit(s), 0 error(s), 0 left on base; Syracuse 2 - York 2
TOP OF THE 5TH
Syracuse Storm batting - Pitching for York Revolution : RHP Luis Hernández
Batting: RHB Jim Unknown 0-0: Foul Ball, location: 2F
0-1: Swinging Strike
0-2: Strikes out looking
Batting: RHB Sung-min Pae 0-0: Bunt for hit - play at first, batter OUT! 1-3
Batting: RHB Jim Unknown 0-0: Ball
1-0: Ball
2-0: Ball
3-0: Base on Balls
Batting: RHB Rafael Delgado 0-0: Called Strike
0-1: Foul Ball, location: 2F
0-2: Ball
1-2: Foul Ball, location: 2F
1-2: Foul Ball, location: 2F
1-2: Ball
2-2: Ball
3-2: Ground out 6-3 (Groundball, 6)
Top of the 5th over - 0 run(s), 0 hit(s), 0 error(s), 1 left on base; Syracuse 2 - York 2
BOTTOM OF THE 5TH
York Revolution batting - Pitching for Syracuse Storm : RHP Dave Turner
Batting: SHB Noel King 0-0: Ball
1-0: Ball
2-0: Ball
3-0: Base on Balls
Batting: RHB Sergio Ortíz 0-0: Ball
1-0: Bunt missed!
1-1: Sac Bunt - play at first, batter OUT! 5-4
Noel King to second
Batting: RHB Parker Smith 0-0: Called Strike
0-1: Foul Ball, location: 2F
0-2: Strikes out swinging
Batting: LHB Natale Langushi 0-0: Called Strike
0-1: Ball
1-1: Foul Ball, location: 2F
1-2: Foul Ball, location: 2F
1-2: Ball
2-2: Ball
3-2: SINGLE (Line Drive, 4MD)
Noel King to third
Noel King scores
Batting: SHB Bradley Rowe 0-0: Called Strike
0-1: Called Strike
0-2: Strikes out swinging
Bottom of the 5th over - 1 run(s), 1 hit(s), 0 error(s), 1 left on base; Syracuse 2 - York 3
TOP OF THE 6TH
Syracuse Storm batting - Pitching for York Revolution : RHP Luis Hernández
Batting: RHB Jim Unknown 0-0: Called Strike
0-1: Foul Ball, location: 2F
0-2: Foul Ball, location: 2F
0-2: Strikes out swinging
Batting: LHB Carlos Garza 0-0: Called Strike
0-1: Swinging Strike
0-2: Ball
1-2: Ground out 4-3 (Groundball, 4)
Batting: RHB Noah Smith 0-0: Foul Ball, location: 2F
0-1: Called Strike
0-2: Foul Ball, location: 2F
0-2: Ball
1-2: Foul Ball, location: 2F
1-2: Ball
2-2: Ground out 6-3 (Groundball, 6)
Top of the 6th over - 0 run(s), 0 hit(s), 0 error(s), 0 left on base; Syracuse 2 - York 3
BOTTOM OF THE 6TH
York Revolution batting - Pitching for Syracuse Storm : RHP Dave Turner
Batting: RHB Roberto Ruíz 0-0: Ball
1-0: Ball
2-0: DOUBLE (Line Drive, 7LM)
Batting: LHB Marcos Deleón 0-0: Called Strike
0-1: SINGLE (Groundball, 6M)
Roberto Ruíz to third
Batting: RHB Jerrel Woestenberg 0-0: Swinging Strike
0-1: Ball
1-1: Foul Ball, location: 2F
1-2: Strikes out swinging
Batting: LHB Michael Nelson 0-0: Ball
1-0: Called Strike
1-1: Ball
2-1: Called Strike
Marcos Deleón steals 2nd base
2-2: Ball
3-2: Foul Ball, location: 2F
3-2: Ground out 5-3 (Groundball, 5)
Batting: SHB Noel King 0-0: Swinging Strike
0-1: Swinging Strike
0-2: Strikes out swinging
Bottom of the 6th over - 0 run(s), 2 hit(s), 0 error(s), 2 left on base; Syracuse 2 - York 3
TOP OF THE 7TH
Syracuse Storm batting - Pitching for York Revolution : RHP Luis Hernández
Batting: SHB John Clayton 0-0: Called Strike
0-1: Ball
1-1: Ball
2-1: Swinging Strike
2-2: Strikes out looking
Batting: SHB Jeff Cornelis 0-0: Called Strike
0-1: Swinging Strike
0-2: Ball
1-2: Strikes out swinging
Batting: RHB Jim Unknown 0-0: Ball
1-0: Fly out, F4 (Line Drive, 34)
Top of the 7th over - 0 run(s), 0 hit(s), 0 error(s), 0 left on base; Syracuse 2 - York 3
BOTTOM OF THE 7TH
York Revolution batting - Pitching for Syracuse Storm : RHP Dave Turner
Batting: RHB Sergio Ortíz 0-0: Ball
1-0: Called Strike
1-1: Called Strike
1-2: Foul Ball, location: 2F
1-2: Strikes out swinging
Batting: RHB Parker Smith 0-0: Called Strike
0-1: Called Strike
0-2: Foul Ball, location: 2F
0-2: Fly out, F3 (Popup, 3F)
Batting: LHB Natale Langushi 0-0: Ground out 4-3 (Groundball, 4)
Bottom of the 7th over - 0 run(s), 0 hit(s), 0 error(s), 0 left on base; Syracuse 2 - York 3
TOP OF THE 8TH
Syracuse Storm batting - Pitching for York Revolution : RHP Luis Hernández
Pitching: RHP Juan López
Now at 2B: Jay Kidd
Batting: RHB Sung-min Pae 0-0: Ground out 1-3 (Groundball, 13)
Pitching: RHP Aurelio Sánchez
Batting: RHB Jim Unknown 0-0: Ball
1-0: Ball
2-0: Called Strike
2-1: Ball
3-1: Base on Balls
Batting: RHB Rafael Delgado 0-0: Called Strike
0-1: Ball
1-1: Foul Ball, location: 2F
1-2: Fly out, F8 (Flyball, 8RM)
Batting: RHB Jim Unknown 0-0: Ball
1-0: Foul Ball, location: 2F
1-1: Fly out, F9 (Popup, 34D)
Top of the 8th over - 0 run(s), 0 hit(s), 0 error(s), 1 left on base; Syracuse 2 - York 3
BOTTOM OF THE 8TH
York Revolution batting - Pitching for Syracuse Storm : RHP Dave Turner
Pitching: RHP Jon Schultz
Batting: SHB Bradley Rowe 0-0: Ball
1-0: Ball
2-0: Ground out 4-3 (Groundball, 4M)
Batting: RHB Roberto Ruíz 0-0: SINGLE (Flyball, 8LM)
Pinch Hitting: RHB Danilo Mosca 0-0: Ball
1-0: Called Strike
Roberto Ruíz steals 2nd base
1-1: Intentional Walk
Pinch Hitting: RHB Chris Costa 0-0: Ball
1-0: Ball
2-0: Foul Ball, location: 2F
2-1: Ball
3-1: Called Strike
3-2: Base on Balls
Roberto Ruíz to third
Danilo Mosca to second
Pinch Hitting: SHB Jim Unknown 0-0: Ball
1-0: Fly out, F5 (Popup, 5)
Batting: SHB Noel King 0-0: Ball
1-0: Ball
2-0: Ball
3-0: Base on Balls
Roberto Ruíz scores
Danilo Mosca to third
Chris Costa to second
Batting: RHB Sergio Ortíz 0-0: Ball
1-0: Ball
2-0: Swinging Strike
2-1: Ball
3-1: Foul Ball, location: 2F
3-2: Base on Balls
Danilo Mosca scores
Chris Costa to third
Noel King to second
Batting: RHB Jay Kidd 0-0: Called Strike
0-1: Ground out 1-3 (Groundball, 23)
Bottom of the 8th over - 2 run(s), 1 hit(s), 0 error(s), 3 left on base; Syracuse 2 - York 5
TOP OF THE 9TH
Syracuse Storm batting - Pitching for York Revolution : RHP Aurelio Sánchez
Pitching: RHP Pablo Vargas
Now at 3B: Danilo Mosca
Now at SS: Roberto Ramírez
Now in RF: Chris Costa
Batting: LHB Carlos Garza 0-0: Ball
1-0: Ball
2-0: Called Strike
2-1: Fly out, F8 (Flyball, 8LM)
Batting: RHB Noah Smith 0-0: Fly out, F3 (Popup, 4)
Batting: SHB John Clayton 0-0: Called Strike
0-1: Swinging Strike
0-2: Ball
1-2: Strikes out swinging
Top of the 9th over - 0 run(s), 0 hit(s), 0 error(s), 0 left on base; Syracuse 2 - York 5
This league is powered by Out of the Park Baseball, the baseball management simulation game for PC, Mac and Linux
Friday, April 15th, 2016 - OOTP Baseball 16.9 Build 39